Oilers vs Jets

Created - May-06-13 at 18:27

Goals
1 2 3 OT1 T
Oilers 1 1 1 1 4
Jets 0 1 2 0 3
Shots
1 2 3 OT1 T
Oilers 6 3 7 12 28
Jets 14 9 11 5 39

1st period

1. Oilers , Jason Pominville 6 (David Backes) at 6:14

Penalties :
Brian Boyle (EDM) for Interference (Minor) at 7:17

2nd period

2. Oilers , Scott Hannan 2 (Jason Pominville) at 9:10
3. Jets , Matt Moulson 7 (Jamie Benn, Henrik Sedin) at 15:38

Penalties :
Brian Boyle (EDM) for Hooking (Minor) at 5:32, Ron Hainsey (WPG) for Holding (Minor) at 11:56

3rd period

4. Jets , Jordan Staal 8 (Martin Erat, Johnny Oduya) at 1:22
5. Oilers , Ruslan Fedotenko 4 (Brian Boyle, Mikael Samuelsson) at 15:34
6. Jets , Jason Garrison 3 (Matt Moulson, Jamie Benn) at 18:07 (PP)

Penalties :
Henrik Sedin (WPG) for High sticking (Minor) at 3:26, Jason Garrison (WPG) for Slashing (Minor) at 5:26, Mark Giordano (WPG) for Boarding (Minor) at 10:23, Matt Hunwick (EDM) for Tripping (Minor) at 13:13, Derek Roy (EDM) for Hooking (Minor) at 17:57

Overtime #1

7. Oilers , Mikael Samuelsson 6 (Erik Gustafsson) at 13:45

Penalties :
Jason Garrison (WPG) for Fighting (Major) at 5:36, Chris Phillips (EDM) for Fighting (Major) at 5:36, Jason Garrison (WPG) for instigated a fight (Game Misconduct) at 5:36

Goalie Stats

Kari Lehtonen (EDM), 36 saves from 39 shots - (0.923), W, 8-4-0, 73:46 minutes
Tim Thomas (WPG), 24 saves from 28 shots - (0.857), OTL, 6-3-1, 73:46 minutes

Players Stats for Oilers

Player Name              G  A  P  +/- PIM S  H  SB GA TA FO     MP     PP MP  PK MP  
------------------------------------------------------------------------------------
Brian Boyle              0  1  1   2  4   0  4  1  0  0  6/21   19:24   0:00   1:04 
Chris Phillips           0  0  0   0  5   1  3  3  0  0  0/0    27:49   4:55   2:37 
Dany Heatley             0  0  0   2  0   3  0  0  0  0  0/1    24:33   6:33   0:00 
David Backes             0  1  1   1  0   3  8  0  0  0  16/48  29:46   6:33   2:37 
Derek Roy                0  0  0  -1  2   2  1  0  0  0  13/25  24:33   3:22   2:26 
Erik Gustafsson          0  1  1   1  0   0  0  1  0  0  0/0    15:17   0:00   0:00 
Jakub Voracek            0  0  0  -1  0   2  2  0  0  0  1/2    18:46   0:00   0:00 
Jan Hejda                0  0  0   1  0   0  2  1  0  0  0/0    31:56   5:43   2:37 
Jason Pominville         1  1  2   1  0   6  0  0  0  0  2/2    30:02   6:33   2:53 
Jochen Hecht             0  0  0  -1  0   1  0  0  0  0  1/2    25:14   3:22   3:06 
Mathieu Darche           0  0  0   0  0   1  0  0  0  0  0/1     0:38   0:30   0:08 
Matt Hunwick             0  0  0   0  2   2  1  0  0  0  0/0    21:55   0:00   2:25 
Mikael Samuelsson        1  1  2   2  0   3  0  0  0  0  0/0    21:14   2:52   0:00 
Nate Guenin              0  0  0   0  0   0  0  0  0  0  0/0     4:12   4:12   0:00 
Ruslan Fedotenko         1  0  1   2  0   2  0  0  0  0  1/4    18:22   0:00   0:00 
Scott Hannan             1  0  1   1  0   2  3  1  0  0  0/0    28:52   4:12   3:30 
Sean ODonnell            0  0  0   1  0   0  4  1  0  0  0/0    17:29   0:48   1:05 
Tomas Holmstrom          0  0  0  -1  0   0  0  0  0  0  0/0     2:36   0:00   0:00 

Players Stats for Jets

Player Name              G  A  P  +/- PIM S  H  SB GA TA FO     MP     PP MP  PK MP  
------------------------------------------------------------------------------------
Carlo Colaiacovo         0  0  0   1  0   0  1  0  0  0  0/0    17:02   3:11   0:30 
Dave Bolland             0  0  0  -3  0   1  0  0  0  0  10/16  14:07   0:00   2:55 
Erik Cole                0  0  0   0  0   3  4  1  0  0  1/2    23:18   2:37   0:00 
Henrik Sedin             0  1  1   1  2   5  0  0  0  0  24/33  24:21   3:30   0:00 
James Wisniewski         0  0  0  -2  0   3  2  0  0  0  0/0    23:20   2:56   0:00 
Jamie Benn               0  2  2   1  0   1  3  0  0  0  0/0    24:22   3:30   0:00 
Jason Garrison           1  0  1  -2  19  2  1  1  0  0  0/0    24:51   3:11   3:11 
Johnny Oduya             0  1  1   0  0   0  0  0  0  0  0/0    25:42   0:00   4:45 
Jordan Staal             1  0  1   0  0   8  3  1  0  0  22/38  29:11   2:37   5:53 
Lee Stempniak            0  0  0   0  0   0  1  0  0  0  0/0     4:59   0:00   0:00 
Mark Fistric             0  0  0  -1  0   0  2  1  0  0  0/0     8:48   0:00   3:53 
Mark Giordano            0  0  0   0  2   0  4  1  0  0  0/0    27:11   2:56   3:19 
Martin Erat              0  1  1   0  0   3  0  0  0  0  0/0    23:18   2:37   0:00 
Matt Cooke               0  0  0  -3  0   0  4  1  0  0  1/3    17:44   0:00   6:32 
Matt Cullen              0  0  0   0  0   0  1  0  0  0  6/10    6:34   0:00   1:35 
Matt Moulson             1  1  2   1  0   6  0  0  0  0  1/2    24:22   3:30   0:00 
Pascal Dupuis            0  0  0  -3  0   7  0  0  0  0  1/2    19:06   0:00   2:55 
Ron Hainsey              0  0  0   0  2   0  0  3  0  0  0/0    20:34   0:00   4:12 

3 Stars

1 - Mikael Samuelsson (EDM)
2 - Matt Moulson (WPG)
3 - Jason Pominville (EDM)

Power Play

Oilers - 0 on 5 Attempt(s) - 0.00%
Jets - 1 on 4 Attempt(s) - 25.00%

Penalty Kill

Oilers - 3 on 4 Attempt(s) - 75.00% - Score 0 goal in Penalty Kill
Jets - 5 on 5 Attempt(s) - 100.00% - Score 0 goal in Penalty Kill

Official

Referees : Stephen Walkom and Marc Joannette
Linesman : Shane Heyer and Steve Miller

Game Notes

Chris Phillips beats up Jason Garrison at 5:36 of 1st overtime period
Jason Garrison ejected from game at 5:36 of 1st overtime period
Jason Garrison from Jets is suspended for 6 game(s)

Finance

Level 1 -- Attendance: 6000 (100.00%) -- Ticket Income $690,000
Level 2 -- Attendance: 4871 (97.42%) -- Ticket Income $443,261
Level 3 -- Attendance: 2200 (100.00%) -- Ticket Income $178,200
Level 4 -- Attendance: 1015 (100.00%) -- Ticket Income $76,125
Luxury Box -- Attendance: 800 (100.00%) -- Ticket Income $240,000
Game was played at the MTS Center
Total Attendance: 14886 (99.14%)
Total Ticket Income: $1,627,586
Other Income: $244,138
Total Income: $1,871,724


% Time on Ice - Oilers

Lines # - Real PCT - Wanted PCT - Time Play
Normal Forward
1 - 31% - 31% - 18:00
2 - 33% - 31% - 18:46
3 - 32% - 29% - 18:22
4 - 5% - 9% - 2:36
Normal Defense
1 - 38% - 35% - 22:03
2 - 34% - 35% - 19:31
3 - 25% - 19% - 14:37
4 - 3% - 11% - 1:33
PP Forward
1 - 66% - 55% - 6:33
2 - 34% - 45% - 3:22
PP Defense
1 - 58% - 50% - 5:43
2 - 42% - 50% - 4:12
PK Forward
1 - 51% - 50% - 3:06
2 - 49% - 50% - 3:01
PK Defense
1 - 43% - 50% - 2:37
2 - 57% - 50% - 3:30
PK3 Forward
1 - 0% - 50%
2 - 0% - 50%
PK3 Defense
1 - 0% - 50%
2 - 0% - 50%
44 Forward
1 - 0% - 50%
2 - 0% - 50%
44 Defense
1 - 0% - 50%
2 - 0% - 50%
Last Minute Offensive  - 0:00
Last Minute Defensive  - 0:00
Total
Forward - 73:46
Defense - 73:46

% Time on Ice - Jets

Lines # - Real PCT - Wanted PCT - Time Play
Normal Forward
1 - 36% - 35% - 20:41
2 - 36% - 34% - 20:52
3 - 19% - 21% - 11:12
4 - 9% - 10% - 4:59
Normal Defense
1 - 36% - 35% - 20:57
2 - 35% - 35% - 20:24
3 - 21% - 23% - 12:12
4 - 7% - 7% - 4:11
PP Forward
1 - 57% - 60% - 3:30
2 - 43% - 40% - 2:37
PP Defense
1 - 48% - 63% - 2:56
2 - 52% - 37% - 3:11
PK Forward
1 - 71% - 60% - 7:00
2 - 29% - 40% - 2:55
PK Defense
1 - 56% - 60% - 5:34
2 - 44% - 40% - 4:21
PK3 Forward
1 - 0% - 60%
2 - 0% - 40%
PK3 Defense
1 - 0% - 60%
2 - 0% - 40%
44 Forward
1 - 0% - 60%
2 - 0% - 40%
44 Defense
1 - 0% - 60%
2 - 0% - 40%
Last Minute Offensive  - 0:00
Last Minute Defensive  - 0:00
Total
Forward - 73:46
Defense - 73:46

Play by Play

1st period


0:01 of 1st period - Erik Cole wins face-off versus David Backes in neutral zone.
0:42 of 1st period - Icing by Chris Phillips.
0:43 of 1st period - Henrik Sedin wins face-off versus David Backes in Oilers zone.
0:50 of 1st period - Icing by Jason Pominville.
0:51 of 1st period - David Backes wins face-off versus Dave Bolland in Oilers zone.
0:59 of 1st period - Icing by Chris Phillips.
1:00 of 1st period - Jason Pominville wins face-off versus Henrik Sedin in Oilers zone.
1:29 of 1st period - Matt Moulson is hit by David Backes and loses puck.
1:37 of 1st period - Icing by Henrik Sedin.
1:38 of 1st period - Henrik Sedin wins face-off versus Brian Boyle in Jets zone.
1:38 of 1st period - Jamie Benn is hit by Brian Boyle and loses puck.
3:21 of 1st period - Shot by Jordan Staal.
3:21 of 1st period - Stopped by Kari Lehtonen without a rebound.
3:22 of 1st period - Matt Cullen wins face-off versus David Backes in Oilers zone.
3:23 of 1st period - Shot by Pascal Dupuis.
3:23 of 1st period - Stopped by Kari Lehtonen with a rebound.
3:46 of 1st period - Shot by Jason Pominville.
3:46 of 1st period - Deflect By David Backes.
3:46 of 1st period - Shot Misses the Net.
3:53 of 1st period - Jason Pominville is hit by James Wisniewski and loses puck.
4:26 of 1st period - Shot by Martin Erat.
4:26 of 1st period - Shot Misses the Net.
4:28 of 1st period - Shot by Erik Cole.
4:28 of 1st period - Stopped by Kari Lehtonen without a rebound.
4:29 of 1st period - Henrik Sedin wins face-off versus Derek Roy in Oilers zone.
4:50 of 1st period - Icing by Ron Hainsey.
4:51 of 1st period - Henrik Sedin wins face-off versus Brian Boyle in Jets zone.
5:16 of 1st period - Shot by Matt Hunwick.
5:16 of 1st period - Stopped by Tim Thomas without a rebound.
5:17 of 1st period - Jordan Staal wins face-off versus Derek Roy in Jets zone.
5:36 of 1st period - Shot by Jordan Staal.
5:36 of 1st period - Stopped by Kari Lehtonen without a rebound.
5:37 of 1st period - David Backes wins face-off versus Dave Bolland in Oilers zone.
6:14 of 1st period - Shot by Jason Pominville.
6:14 of 1st period - Goal by Jason Pominville - Oilers : 1 - Jets : 0.
6:15 of 1st period - Derek Roy wins face-off versus Erik Cole in neutral zone.
6:29 of 1st period - Martin Erat is hit by Sean ODonnell and loses puck.
6:36 of 1st period - Shot by Martin Erat.
6:36 of 1st period - Shot Blocked by Sean ODonnell.
6:38 of 1st period - Shot by Martin Erat.
6:38 of 1st period - Stopped by Kari Lehtonen with a rebound.
7:17 of 1st period - Minor Penalty to Brian Boyle for Interference.
7:18 of 1st period - Henrik Sedin wins face-off versus David Backes in Oilers zone.
7:21 of 1st period - Shot by James Wisniewski.
7:21 of 1st period - Deflect By Matt Moulson.
7:21 of 1st period - Stopped by Kari Lehtonen without a rebound.
7:22 of 1st period - Derek Roy wins face-off versus Henrik Sedin in Oilers zone.
7:39 of 1st period - Shot by James Wisniewski.
7:39 of 1st period - Stopped by Kari Lehtonen without a rebound.
7:40 of 1st period - David Backes wins face-off versus Jordan Staal in Oilers zone.
7:49 of 1st period - Shot by Jason Garrison.
7:49 of 1st period - Shot Misses the Net.
7:51 of 1st period - Shot by Erik Cole.
7:51 of 1st period - Stopped by Kari Lehtonen with a rebound.
7:53 of 1st period - Shot by Jason Garrison.
7:53 of 1st period - Shot Misses the Net.
8:17 of 1st period - David Backes is hit by Jordan Staal and loses puck.
9:45 of 1st period - Ron Hainsey is hit by Brian Boyle and loses puck.
10:33 of 1st period - Shot by Jason Pominville.
10:33 of 1st period - Deflect By Dany Heatley.
10:33 of 1st period - Stopped by Tim Thomas without a rebound.
10:34 of 1st period - Jakub Voracek wins face-off versus Jordan Staal in Jets zone.
10:38 of 1st period - Icing by Mark Giordano.
10:39 of 1st period - Jordan Staal wins face-off versus Jochen Hecht in Jets zone.
10:39 of 1st period - Jordan Staal is hit by Derek Roy.
10:47 of 1st period - Shot by Jordan Staal.
10:47 of 1st period - Stopped by Kari Lehtonen without a rebound.
10:48 of 1st period - David Backes wins face-off versus Henrik Sedin in Oilers zone.
10:59 of 1st period - Johnny Oduya is hit by David Backes.
11:15 of 1st period - Shot by Jamie Benn.
11:15 of 1st period - Shot Misses the Net.
11:25 of 1st period - Shot by Jason Pominville.
11:25 of 1st period - Shot Blocked by Mark Giordano.
12:27 of 1st period - Shot by Jordan Staal.
12:27 of 1st period - Stopped by Kari Lehtonen with a rebound.
12:29 of 1st period - Shot by James Wisniewski.
12:29 of 1st period - Shot Misses the Net.
13:52 of 1st period - Off-side.
13:53 of 1st period - Henrik Sedin wins face-off versus David Backes in neutral zone.
14:40 of 1st period - Chris Phillips is hit by Jamie Benn and loses puck.
15:08 of 1st period - Scott Hannan is hit by Matt Cooke and loses puck.
15:22 of 1st period - Shot by Dave Bolland.
15:22 of 1st period - Stopped by Kari Lehtonen without a rebound.
15:23 of 1st period - Brian Boyle wins face-off versus Matt Cullen in Oilers zone.
15:23 of 1st period - Brian Boyle is hit by Lee Stempniak.
16:03 of 1st period - Pascal Dupuis is hit by Sean ODonnell and loses puck.
16:23 of 1st period - Shot by Jakub Voracek.
16:23 of 1st period - Stopped by Tim Thomas without a rebound.
16:24 of 1st period - Jordan Staal wins face-off versus David Backes in Jets zone.
16:24 of 1st period - Jordan Staal is hit by David Backes.
16:51 of 1st period - Off-side.
16:52 of 1st period - Henrik Sedin wins face-off versus Derek Roy in neutral zone.
17:48 of 1st period - Off-side.
17:49 of 1st period - David Backes wins face-off versus Jordan Staal in neutral zone.
18:18 of 1st period - Shot by Jason Pominville.
18:18 of 1st period - Stopped by Tim Thomas without a rebound.
18:19 of 1st period - Dave Bolland wins face-off versus Brian Boyle in Jets zone.
18:21 of 1st period - Icing by Pascal Dupuis.
18:22 of 1st period - Dave Bolland wins face-off versus Brian Boyle in Jets zone.
18:35 of 1st period - Shot by Dave Bolland.
18:35 of 1st period - Shot Misses the Net.
18:37 of 1st period - Shot by James Wisniewski.
18:37 of 1st period - Shot Misses the Net.
18:39 of 1st period - Shot by Pascal Dupuis.
18:39 of 1st period - Stopped by Kari Lehtonen without a rebound.
18:40 of 1st period - David Backes wins face-off versus Henrik Sedin in Oilers zone.
18:40 of 1st period - David Backes is hit by Jamie Benn.
18:54 of 1st period - Dany Heatley is hit by Mark Giordano and loses puck.
19:03 of 1st period - Shot by Jason Pominville.
19:03 of 1st period - Stopped by Tim Thomas without a rebound.
19:04 of 1st period - Jordan Staal wins face-off versus Brian Boyle in Jets zone.
19:13 of 1st period - Chris Phillips is hit by Erik Cole and loses puck.
19:38 of 1st period - Shot by Jordan Staal.
19:38 of 1st period - Shot Blocked by Chris Phillips.
19:40 of 1st period - Shot by James Wisniewski.
19:40 of 1st period - Stopped by Kari Lehtonen without a rebound.
19:41 of 1st period - Henrik Sedin wins face-off versus David Backes in Oilers zone.
19:52 of 1st period - Shot by Matt Moulson.
19:52 of 1st period - Deflect By Henrik Sedin.
19:52 of 1st period - Stopped by Kari Lehtonen without a rebound.
19:53 of 1st period - Dave Bolland wins face-off versus Derek Roy in Oilers zone.

2nd period


0:01 of 2nd period - David Backes wins face-off versus Henrik Sedin in neutral zone.
0:09 of 2nd period - Off-side.
0:10 of 2nd period - Jordan Staal wins face-off versus Brian Boyle in neutral zone.
0:44 of 2nd period - Shot by Martin Erat.
0:44 of 2nd period - Shot Misses the Net.
0:46 of 2nd period - Shot by Martin Erat.
0:46 of 2nd period - Stopped by Kari Lehtonen with a rebound.
0:48 of 2nd period - Shot by Jordan Staal.
0:48 of 2nd period - Shot Misses the Net.
0:52 of 2nd period - Shot by Martin Erat.
0:52 of 2nd period - Stopped by Kari Lehtonen without a rebound.
0:53 of 2nd period - Matt Moulson wins face-off versus Jakub Voracek in Oilers zone.
1:04 of 2nd period - Shot by Matt Moulson.
1:04 of 2nd period - Deflect By Henrik Sedin.
1:04 of 2nd period - Stopped by Kari Lehtonen without a rebound.
1:05 of 2nd period - David Backes wins face-off versus Dave Bolland in Oilers zone.
1:05 of 2nd period - David Backes is hit by Matt Cooke.
1:08 of 2nd period - Matt Hunwick is hit by Matt Cooke and loses puck.
1:41 of 2nd period - Shot by Matt Hunwick.
1:41 of 2nd period - Shot Blocked by Ron Hainsey.
1:56 of 2nd period - Dave Bolland is hit by Jakub Voracek and loses puck.
2:37 of 2nd period - Shot by Matt Moulson.
2:37 of 2nd period - Stopped by Kari Lehtonen with a rebound.
2:54 of 2nd period - James Wisniewski is hit by Brian Boyle and loses puck.
3:07 of 2nd period - Shot by Jordan Staal.
3:07 of 2nd period - Stopped by Kari Lehtonen without a rebound.
3:08 of 2nd period - David Backes wins face-off versus Jordan Staal in Oilers zone.
3:28 of 2nd period - Icing by Matt Hunwick.
3:29 of 2nd period - Matt Cullen wins face-off versus David Backes in Oilers zone.
3:40 of 2nd period - Shot by Pascal Dupuis.
3:40 of 2nd period - Stopped by Kari Lehtonen without a rebound.
3:41 of 2nd period - Ruslan Fedotenko wins face-off versus Jordan Staal in Oilers zone.
3:41 of 2nd period - Ruslan Fedotenko is hit by Jordan Staal.
3:49 of 2nd period - Icing by Martin Erat.
3:50 of 2nd period - Jordan Staal wins face-off versus David Backes in Jets zone.
3:55 of 2nd period - Shot by Chris Phillips.
3:55 of 2nd period - Shot Blocked by Jordan Staal.
4:11 of 2nd period - Shot by Jason Pominville.
4:11 of 2nd period - Stopped by Tim Thomas without a rebound.
4:12 of 2nd period - Henrik Sedin wins face-off versus Derek Roy in Jets zone.
4:12 of 2nd period - Henrik Sedin is hit by Jakub Voracek.
4:26 of 2nd period - Shot by Henrik Sedin.
4:26 of 2nd period - Stopped by Kari Lehtonen without a rebound.
4:27 of 2nd period - Jordan Staal wins face-off versus David Backes in Oilers zone.
4:44 of 2nd period - Shot by Martin Erat.
4:44 of 2nd period - Shot Blocked by Chris Phillips.
5:32 of 2nd period - Minor Penalty to Brian Boyle for Hooking.
5:33 of 2nd period - Derek Roy wins face-off versus Henrik Sedin in Oilers zone.
5:50 of 2nd period - Shot by Matt Moulson.
5:50 of 2nd period - Shot Misses the Net.
5:52 of 2nd period - Shot by Carlo Colaiacovo.
5:52 of 2nd period - Shot Misses the Net.
5:57 of 2nd period - Matt Moulson is hit by Matt Hunwick.
6:31 of 2nd period - Shot by Erik Cole.
6:31 of 2nd period - Shot Misses the Net.
6:33 of 2nd period - Shot by Mark Giordano.
6:33 of 2nd period - Shot Misses the Net.
6:35 of 2nd period - Shot by James Wisniewski.
6:35 of 2nd period - Shot Misses the Net.
6:37 of 2nd period - Shot by James Wisniewski.
6:37 of 2nd period - Shot Misses the Net.
7:45 of 2nd period - Sean ODonnell is hit by Matt Cullen and loses puck.
7:54 of 2nd period - Shot by Lee Stempniak.
7:54 of 2nd period - Deflect By Pascal Dupuis.
7:54 of 2nd period - Stopped by Kari Lehtonen without a rebound.
7:55 of 2nd period - Brian Boyle wins face-off versus Matt Cooke in Oilers zone.
7:57 of 2nd period - Icing by Erik Gustafsson.
7:58 of 2nd period - Dave Bolland wins face-off versus Brian Boyle in Oilers zone.
8:15 of 2nd period - Shot by Pascal Dupuis.
8:15 of 2nd period - Shot Blocked by Brian Boyle.
8:23 of 2nd period - Shot by Ruslan Fedotenko.
8:23 of 2nd period - Shot Misses the Net.
9:10 of 2nd period - Shot by Scott Hannan.
9:10 of 2nd period - Goal by Scott Hannan - Oilers : 2 - Jets : 0.
9:11 of 2nd period - Derek Roy wins face-off versus Henrik Sedin in neutral zone.
9:29 of 2nd period - Off-side.
9:30 of 2nd period - Jordan Staal wins face-off versus David Backes in neutral zone.
10:04 of 2nd period - Shot by Erik Cole.
10:04 of 2nd period - Shot Misses the Net.
10:28 of 2nd period - Icing by Jason Garrison.
10:29 of 2nd period - Jordan Staal wins face-off versus Derek Roy in Jets zone.
10:49 of 2nd period - Shot by Jakub Voracek.
10:49 of 2nd period - Deflect By Derek Roy.
10:49 of 2nd period - Shot Blocked by Erik Cole.
10:51 of 2nd period - Shot by Jan Hejda.
10:51 of 2nd period - Shot Hit the Post.
11:39 of 2nd period - Icing by Carlo Colaiacovo.
11:40 of 2nd period - Henrik Sedin wins face-off versus Ruslan Fedotenko in Jets zone.
11:50 of 2nd period - Ruslan Fedotenko is hit by Carlo Colaiacovo and loses puck.
11:56 of 2nd period - Minor Penalty to Ron Hainsey for Holding.
11:57 of 2nd period - Matt Cullen wins face-off versus David Backes in Jets zone.
13:17 of 2nd period - Shot by Chris Phillips.
13:17 of 2nd period - Shot Blocked by Matt Cooke.
13:23 of 2nd period - Shot by Chris Phillips.
13:23 of 2nd period - Stopped by Tim Thomas without a rebound.
13:24 of 2nd period - Dave Bolland wins face-off versus David Backes in Jets zone.
14:32 of 2nd period - Icing by Mikael Samuelsson.
14:33 of 2nd period - Matt Cullen wins face-off versus Brian Boyle in Oilers zone.
14:43 of 2nd period - Icing by Ruslan Fedotenko.
14:44 of 2nd period - Pascal Dupuis wins face-off versus Brian Boyle in Oilers zone.
15:38 of 2nd period - Shot by Jamie Benn.
15:38 of 2nd period - Deflect By Matt Moulson.
15:38 of 2nd period - Goal by Matt Moulson - Oilers : 2 - Jets : 1.
15:39 of 2nd period - Henrik Sedin wins face-off versus David Backes in neutral zone.
16:00 of 2nd period - Shot by Matt Moulson.
16:00 of 2nd period - Shot Misses the Net.
16:52 of 2nd period - Matt Hunwick is hit by Jordan Staal and loses puck.
16:56 of 2nd period - Icing by Scott Hannan.
16:57 of 2nd period - Brian Boyle wins face-off versus Matt Cooke in Oilers zone.
17:25 of 2nd period - Brian Boyle is hit by Matt Cooke and loses puck.
18:52 of 2nd period - Off-side.
18:53 of 2nd period - Henrik Sedin wins face-off versus David Backes in neutral zone.
19:05 of 2nd period - Icing by Chris Phillips.
19:06 of 2nd period - Dave Bolland wins face-off versus David Backes in Oilers zone.
19:29 of 2nd period - Shot by Pascal Dupuis.
19:29 of 2nd period - Deflect By Matt Cooke.
19:29 of 2nd period - Shot Blocked by Chris Phillips.
19:37 of 2nd period - Shot by Pascal Dupuis.
19:37 of 2nd period - Shot Misses the Net.

3rd period


0:01 of 3rd period - Henrik Sedin wins face-off versus Derek Roy in neutral zone.
1:22 of 3rd period - Shot by Jordan Staal.
1:22 of 3rd period - Goal by Jordan Staal - Oilers : 2 - Jets : 2.
1:23 of 3rd period - Matt Cullen wins face-off versus Brian Boyle in neutral zone.
1:51 of 3rd period - Shot by Ruslan Fedotenko.
1:51 of 3rd period - Shot Misses the Net.
1:59 of 3rd period - Shot by Mikael Samuelsson.
1:59 of 3rd period - Stopped by Tim Thomas without a rebound.
2:00 of 3rd period - Jordan Staal wins face-off versus David Backes in Jets zone.
2:40 of 3rd period - Icing by Mark Giordano.
2:41 of 3rd period - Jochen Hecht wins face-off versus Jordan Staal in Jets zone.
2:42 of 3rd period - Shot by Jakub Voracek.
2:42 of 3rd period - Shot Misses the Net.
3:06 of 3rd period - Matt Hunwick is hit by Erik Cole and loses puck.
3:26 of 3rd period - Minor Penalty to Henrik Sedin for High sticking.
3:27 of 3rd period - David Backes wins face-off versus Jordan Staal in Jets zone.
3:36 of 3rd period - Shot by David Backes.
3:36 of 3rd period - Shot Blocked by Jason Garrison.
3:38 of 3rd period - Shot by Dany Heatley.
3:38 of 3rd period - Shot Misses the Net.
3:40 of 3rd period - Shot by Jason Pominville.
3:40 of 3rd period - Shot Misses the Net.
3:42 of 3rd period - Shot by Jason Pominville.
3:42 of 3rd period - Stopped by Tim Thomas without a rebound.
3:43 of 3rd period - David Backes wins face-off versus Matt Cullen in Jets zone.
4:20 of 3rd period - Shot by David Backes.
4:20 of 3rd period - Stopped by Tim Thomas without a rebound.
4:21 of 3rd period - Matt Cooke wins face-off versus Derek Roy in Jets zone.
4:58 of 3rd period - Shot by Derek Roy.
4:58 of 3rd period - Stopped by Tim Thomas without a rebound.
4:59 of 3rd period - David Backes wins face-off versus Pascal Dupuis in Jets zone.
5:25 of 3rd period - Shot by Jason Pominville.
5:25 of 3rd period - Shot Misses the Net.
5:26 of 3rd period - Minor Penalty to Jason Garrison for Slashing.
5:27 of 3rd period - Derek Roy wins face-off versus Jordan Staal in Jets zone.
5:28 of 3rd period - Shot by Scott Hannan.
5:28 of 3rd period - Shot Misses the Net.
5:30 of 3rd period - Shot by Scott Hannan.
5:30 of 3rd period - Stopped by Tim Thomas without a rebound.
5:31 of 3rd period - Derek Roy wins face-off versus Jordan Staal in Jets zone.
6:30 of 3rd period - Shot by Dany Heatley.
6:30 of 3rd period - Shot Misses the Net.
6:37 of 3rd period - Icing by Jason Pominville.
6:38 of 3rd period - Dave Bolland wins face-off versus David Backes in Oilers zone.
6:41 of 3rd period - Shot by Pascal Dupuis.
6:41 of 3rd period - Stopped by Kari Lehtonen without a rebound.
6:42 of 3rd period - Dave Bolland wins face-off versus David Backes in Oilers zone.
6:54 of 3rd period - Icing by Chris Phillips.
6:55 of 3rd period - David Backes wins face-off versus Jordan Staal in Oilers zone.
7:17 of 3rd period - Shot by Chris Phillips.
7:17 of 3rd period - Shot Misses the Net.
7:29 of 3rd period - Shot by Derek Roy.
7:29 of 3rd period - Shot Misses the Net.
7:40 of 3rd period - Henrik Sedin is hit by Scott Hannan.
7:50 of 3rd period - Shot by Matt Moulson.
7:50 of 3rd period - Stopped by Kari Lehtonen with a rebound.
7:56 of 3rd period - Shot by Matt Moulson.
7:56 of 3rd period - Shot Misses the Net.
7:58 of 3rd period - Shot by Jamie Benn.
7:58 of 3rd period - Shot Misses the Net.
8:10 of 3rd period - Shot by Jason Garrison.
8:10 of 3rd period - Stopped by Kari Lehtonen without a rebound.
8:11 of 3rd period - Brian Boyle wins face-off versus Matt Cullen in Oilers zone.
8:22 of 3rd period - Shot by Matt Cullen.
8:22 of 3rd period - Shot Misses the Net.
8:24 of 3rd period - Shot by Pascal Dupuis.
8:24 of 3rd period - Shot Blocked by Erik Gustafsson.
8:26 of 3rd period - Shot by Lee Stempniak.
8:26 of 3rd period - Shot Misses the Net.
8:39 of 3rd period - Matt Cullen is hit by Sean ODonnell and loses puck.
8:46 of 3rd period - Shot by Pascal Dupuis.
8:46 of 3rd period - Stopped by Kari Lehtonen without a rebound.
8:47 of 3rd period - Jordan Staal wins face-off versus David Backes in Oilers zone.
8:47 of 3rd period - Jordan Staal is hit by Chris Phillips.
9:07 of 3rd period - Shot by Jordan Staal.
9:07 of 3rd period - Shot Misses the Net.
9:09 of 3rd period - Shot by Jordan Staal.
9:09 of 3rd period - Shot Misses the Net.
9:11 of 3rd period - Shot by Erik Cole.
9:11 of 3rd period - Stopped by Kari Lehtonen without a rebound.
9:12 of 3rd period - Derek Roy wins face-off versus Henrik Sedin in Oilers zone.
9:12 of 3rd period - Derek Roy is hit by Jamie Benn.
9:41 of 3rd period - Derek Roy is hit by Jason Garrison and loses puck.
10:13 of 3rd period - Icing by Johnny Oduya.
10:14 of 3rd period - Jordan Staal wins face-off versus David Backes in Jets zone.
10:22 of 3rd period - David Backes is hit by Mark Giordano.
10:23 of 3rd period - Minor Penalty to Mark Giordano for Boarding.
10:24 of 3rd period - Jordan Staal wins face-off versus David Backes in Jets zone.
10:24 of 3rd period - Jordan Staal is hit by David Backes.
10:37 of 3rd period - Johnny Oduya is hit by David Backes and loses puck.
11:39 of 3rd period - Shot by Derek Roy.
11:39 of 3rd period - Shot Misses the Net.
11:41 of 3rd period - Shot by Nate Guenin.
11:41 of 3rd period - Shot Misses the Net.
11:43 of 3rd period - Shot by Nate Guenin.
11:43 of 3rd period - Shot Misses the Net.
11:45 of 3rd period - Shot by Mikael Samuelsson.
11:45 of 3rd period - Shot Misses the Net.
12:02 of 3rd period - Icing by Jan Hejda.
12:03 of 3rd period - Jordan Staal wins face-off versus David Backes in Oilers zone.
12:12 of 3rd period - Shot by Chris Phillips.
12:12 of 3rd period - Shot Misses the Net.
12:55 of 3rd period - Shot by Mark Giordano.
12:55 of 3rd period - Deflect By Matt Moulson.
12:55 of 3rd period - Stopped by Kari Lehtonen without a rebound.
12:56 of 3rd period - Derek Roy wins face-off versus Matt Cullen in Oilers zone.
13:13 of 3rd period - Minor Penalty to Matt Hunwick for Tripping.
13:14 of 3rd period - Brian Boyle wins face-off versus Jordan Staal in Oilers zone.
13:33 of 3rd period - Shot by James Wisniewski.
13:33 of 3rd period - Shot Misses the Net.
13:47 of 3rd period - Shot by Martin Erat.
13:47 of 3rd period - Shot Misses the Net.
13:49 of 3rd period - Shot by James Wisniewski.
13:49 of 3rd period - Shot Misses the Net.
13:51 of 3rd period - Shot by James Wisniewski.
13:51 of 3rd period - Shot Blocked by Jan Hejda.
14:19 of 3rd period - Shot by Matt Moulson.
14:19 of 3rd period - Shot Misses the Net.
14:21 of 3rd period - Shot by Jason Garrison.
14:21 of 3rd period - Shot Misses the Net.
15:32 of 3rd period - Shot by Brian Boyle.
15:32 of 3rd period - Shot Misses the Net.
15:34 of 3rd period - Shot by Ruslan Fedotenko.
15:34 of 3rd period - Goal by Ruslan Fedotenko - Oilers : 3 - Jets : 2.
15:35 of 3rd period - Matt Cullen wins face-off versus David Backes in neutral zone.
15:35 of 3rd period - Johnny Oduya is hit by David Backes and loses puck.
16:12 of 3rd period - Icing by Erik Gustafsson.
16:13 of 3rd period - Henrik Sedin wins face-off versus David Backes in Oilers zone.
16:14 of 3rd period - Shot by James Wisniewski.
16:14 of 3rd period - Stopped by Kari Lehtonen without a rebound.
16:15 of 3rd period - Henrik Sedin wins face-off versus Brian Boyle in Oilers zone.
16:16 of 3rd period - Shot by Jamie Benn.
16:16 of 3rd period - Stopped by Kari Lehtonen with a rebound.
16:51 of 3rd period - Shot by Henrik Sedin.
16:51 of 3rd period - Shot Blocked by Scott Hannan.
16:53 of 3rd period - Shot by James Wisniewski.
16:53 of 3rd period - Shot Misses the Net.
16:55 of 3rd period - Shot by Matt Moulson.
16:55 of 3rd period - Shot Misses the Net.
16:57 of 3rd period - Shot by Henrik Sedin.
16:57 of 3rd period - Stopped by Kari Lehtonen without a rebound.
16:58 of 3rd period - Derek Roy wins face-off versus Jordan Staal in Oilers zone.
16:58 of 3rd period - Derek Roy is hit by Erik Cole.
17:13 of 3rd period - Off-side.
17:14 of 3rd period - David Backes wins face-off versus Dave Bolland in neutral zone.
17:35 of 3rd period - Shot by Dany Heatley.
17:35 of 3rd period - Deflect By Jason Pominville.
17:35 of 3rd period - Shot Misses the Net.
17:57 of 3rd period - Minor Penalty to Derek Roy for Hooking.
17:58 of 3rd period - Henrik Sedin wins face-off versus Brian Boyle in Oilers zone.
18:05 of 3rd period - Shot by Matt Moulson.
18:05 of 3rd period - Shot Misses the Net.
18:07 of 3rd period - Shot by Jason Garrison.
18:07 of 3rd period - Goal by Jason Garrison - Oilers : 3 - Jets : 3.
18:08 of 3rd period - Derek Roy wins face-off versus Jordan Staal in neutral zone.
18:11 of 3rd period - Shot by Matt Hunwick.
18:11 of 3rd period - Stopped by Tim Thomas without a rebound.
18:12 of 3rd period - Derek Roy wins face-off versus Henrik Sedin in Jets zone.

Overtime #1


0:01 of 1st overtime period - Jason Pominville wins face-off versus Jordan Staal in neutral zone.
0:14 of 1st overtime period - Shot by Dany Heatley.
0:14 of 1st overtime period - Stopped by Tim Thomas without a rebound.
0:15 of 1st overtime period - Derek Roy wins face-off versus Matt Moulson in Jets zone.
0:15 of 1st overtime period - Chris Phillips is hit by Mark Giordano and loses puck.
0:30 of 1st overtime period - Off-side.
0:31 of 1st overtime period - Jordan Staal wins face-off versus David Backes in neutral zone.
0:42 of 1st overtime period - Shot by Jordan Staal.
0:42 of 1st overtime period - Stopped by Kari Lehtonen without a rebound.
0:43 of 1st overtime period - Henrik Sedin wins face-off versus Derek Roy in Oilers zone.
1:00 of 1st overtime period - Shot by Henrik Sedin.
1:00 of 1st overtime period - Stopped by Kari Lehtonen with a rebound.
1:16 of 1st overtime period - Shot by Matt Moulson.
1:16 of 1st overtime period - Stopped by Kari Lehtonen without a rebound.
1:17 of 1st overtime period - Jordan Staal wins face-off versus David Backes in Oilers zone.
1:17 of 1st overtime period - Jordan Staal is hit by Scott Hannan.
2:35 of 1st overtime period - Icing by Brian Boyle.
2:36 of 1st overtime period - Henrik Sedin wins face-off versus Ruslan Fedotenko in Oilers zone.
2:53 of 1st overtime period - Shot by Mikael Samuelsson.
2:53 of 1st overtime period - Shot Misses the Net.
2:58 of 1st overtime period - Icing by Mark Giordano.
2:59 of 1st overtime period - Henrik Sedin wins face-off versus Derek Roy in Jets zone.
3:07 of 1st overtime period - Jakub Voracek is hit by Mark Giordano and loses puck.
3:10 of 1st overtime period - Shot by Derek Roy.
3:10 of 1st overtime period - Shot Misses the Net.
3:12 of 1st overtime period - Shot by Jochen Hecht.
3:12 of 1st overtime period - Stopped by Tim Thomas without a rebound.
3:13 of 1st overtime period - David Backes wins face-off versus Dave Bolland in Jets zone.
3:23 of 1st overtime period - Pascal Dupuis is hit by Scott Hannan and loses puck.
3:32 of 1st overtime period - Shot by Pascal Dupuis.
3:32 of 1st overtime period - Stopped by Kari Lehtonen without a rebound.
3:33 of 1st overtime period - Henrik Sedin wins face-off versus Derek Roy in Oilers zone.
3:52 of 1st overtime period - Shot by Jakub Voracek.
3:52 of 1st overtime period - Stopped by Tim Thomas without a rebound.
3:53 of 1st overtime period - Jordan Staal wins face-off versus David Backes in Jets zone.
4:11 of 1st overtime period - Shot by David Backes.
4:11 of 1st overtime period - Stopped by Tim Thomas without a rebound.
4:12 of 1st overtime period - Brian Boyle wins face-off versus Dave Bolland in Jets zone.
4:28 of 1st overtime period - Dave Bolland is hit by Chris Phillips and loses puck.
4:31 of 1st overtime period - Shot by Matt Cooke.
4:31 of 1st overtime period - Shot Misses the Net.
4:46 of 1st overtime period - Icing by Chris Phillips.
4:47 of 1st overtime period - Jordan Staal wins face-off versus Ruslan Fedotenko in Oilers zone.
4:47 of 1st overtime period - Martin Erat is hit by Jan Hejda and loses puck.
5:19 of 1st overtime period - Icing by Ruslan Fedotenko.
5:20 of 1st overtime period - Henrik Sedin wins face-off versus Brian Boyle in Oilers zone.
5:20 of 1st overtime period - James Wisniewski is hit by Jan Hejda and loses puck.
5:36 of 1st overtime period - Chris Phillips beats up Jason Garrison.
5:36 of 1st overtime period - Penalty to Jason Garrison for Fighting.
5:36 of 1st overtime period - Penalty to Chris Phillips for Fighting.
5:36 of 1st overtime period - Penalty to Jason Garrison for instigated a fight.
5:36 of 1st overtime period - Jason Garrison is ejected from game.
5:37 of 1st overtime period - Jordan Staal wins face-off versus David Backes in Jets zone.
6:41 of 1st overtime period - Shot by Derek Roy.
6:41 of 1st overtime period - Stopped by Tim Thomas without a rebound.
6:42 of 1st overtime period - Jordan Staal wins face-off versus Mathieu Darche in Jets zone.
7:03 of 1st overtime period - Shot by Jan Hejda.
7:03 of 1st overtime period - Shot Misses the Net.
7:05 of 1st overtime period - Shot by Sean ODonnell.
7:05 of 1st overtime period - Shot Blocked by Ron Hainsey.
7:07 of 1st overtime period - Shot by Sean ODonnell.
7:07 of 1st overtime period - Shot Misses the Net.
7:09 of 1st overtime period - Shot by Jochen Hecht.
7:09 of 1st overtime period - Shot Blocked by Ron Hainsey.
7:11 of 1st overtime period - Shot by Mathieu Darche.
7:11 of 1st overtime period - Stopped by Tim Thomas without a rebound.
7:12 of 1st overtime period - Jordan Staal wins face-off versus Dany Heatley in Jets zone.
7:12 of 1st overtime period - Jordan Staal is hit by David Backes.
7:19 of 1st overtime period - Icing by Jason Pominville.
7:20 of 1st overtime period - David Backes wins face-off versus Jordan Staal in Oilers zone.
7:41 of 1st overtime period - Matt Moulson is hit by Brian Boyle and loses puck.
7:53 of 1st overtime period - Brian Boyle is hit by James Wisniewski and loses puck.
8:06 of 1st overtime period - Shot by Brian Boyle.
8:06 of 1st overtime period - Shot Misses the Net.
8:30 of 1st overtime period - Off-side.
8:31 of 1st overtime period - Derek Roy wins face-off versus Jordan Staal in neutral zone.
9:31 of 1st overtime period - Shot by David Backes.
9:31 of 1st overtime period - Shot Blocked by Mark Fistric.
9:33 of 1st overtime period - Shot by David Backes.
9:33 of 1st overtime period - Stopped by Tim Thomas without a rebound.
9:34 of 1st overtime period - Dave Bolland wins face-off versus Brian Boyle in Jets zone.
9:55 of 1st overtime period - Shot by Mikael Samuelsson.
9:55 of 1st overtime period - Stopped by Tim Thomas with a rebound.
9:59 of 1st overtime period - Shot by Ruslan Fedotenko.
9:59 of 1st overtime period - Stopped by Tim Thomas without a rebound.
10:00 of 1st overtime period - Henrik Sedin wins face-off versus David Backes in Jets zone.
10:13 of 1st overtime period - Shot by Dany Heatley.
10:13 of 1st overtime period - Stopped by Tim Thomas without a rebound.
10:14 of 1st overtime period - Jordan Staal wins face-off versus Derek Roy in Jets zone.
10:52 of 1st overtime period - Jan Hejda is hit by Erik Cole.
11:06 of 1st overtime period - Shot by Jason Pominville.
11:06 of 1st overtime period - Stopped by Tim Thomas without a rebound.
11:07 of 1st overtime period - Henrik Sedin wins face-off versus David Backes in Jets zone.
11:09 of 1st overtime period - Icing by Jamie Benn.
11:10 of 1st overtime period - Henrik Sedin wins face-off versus David Backes in Jets zone.
11:54 of 1st overtime period - Shot by Henrik Sedin.
11:54 of 1st overtime period - Shot Misses the Net.
12:04 of 1st overtime period - Carlo Colaiacovo is hit by David Backes and loses puck.
12:33 of 1st overtime period - Martin Erat is hit by Chris Phillips and loses puck.
12:39 of 1st overtime period - Chris Phillips is hit by Mark Fistric and loses puck.
12:43 of 1st overtime period - Jakub Voracek is hit by Mark Fistric.
13:05 of 1st overtime period - Shot by Jordan Staal.
13:05 of 1st overtime period - Deflect By Erik Cole.
13:05 of 1st overtime period - Shot Misses the Net.
13:07 of 1st overtime period - Shot by Jordan Staal.
13:07 of 1st overtime period - Stopped by Kari Lehtonen without a rebound.
13:08 of 1st overtime period - Dave Bolland wins face-off versus Brian Boyle in Oilers zone.
13:26 of 1st overtime period - Dave Bolland is hit by Sean ODonnell and loses puck.
13:45 of 1st overtime period - Shot by Mikael Samuelsson.
13:45 of 1st overtime period - Goal by Mikael Samuelsson - Oilers : 4 - Jets : 3.


Output by the SimonT Hockey Simulator (STHS) for Stephane Roy -- Original Page W3C XHTML 1.0 Valid
Hockey Simulator - Hockey Simulation - Hockey Manager